 Dungeon Crawl Stone Soup version 0.29.1-1-gd02db6906a (webtiles) character file.

Game seed: 2587937703137131204

258 sentinel the Digger (level 6, -17/45 HPs)
             Began as a Meteoran Earth Elementalist on Oct 2, 2022.
             Was a Priest of Cheibriados.
             Demolished by an ogre
             ... wielding a +0 giant club
              (29 damage)
             ... on level 4 of the Dungeon.
             The game lasted 00:04:51 (789 turns).

sentinel the Digger (Meteoran Earth Elementalist)    Turns: 789, Time: 00:04:52

Health: -17/45     AC:  2    Str: 16    XL:     6   Next: 68%
Magic:  2/11       EV: 13    Int: 27    God:    Cheibriados [***...]
Gold:   37         SH:  0    Dex: 21    Spells: 4/10 levels left

rFire   . . .      SeeInvis .   (no weapon)
rCold   . . .      Faith    +   (no shield)
rNeg    . . .      Spirit   .   a - +0 robe
rPois   .          Reflect  .   (no helmet)
rElec   .          Harm     .   (no cloak)
rCorr   .          Rampage  .   (no gloves)
Will    .....                   (no boots)
Stlth   +.........              g - amulet of faith
HPRegen 0.15/turn               (no ring)
MPRegen 0.12/turn               (no ring)

@: glowing, very slow
A: sense surroundings 1, otherworldly, glowing, explore regen
a: Renounce Religion, Bend Time, Temporal Distortion


You were on level 4 of the Dungeon.
You worshipped Cheibriados.
Cheibriados was most pleased with you.
You visited 1 branch of the dungeon, and saw 5 of its levels.
You also visited: Sewer.

You collected 37 gold pieces.

Inventory:

Armour
 a - a +0 robe (worn)
Jewellery
 g - an amulet of faith (around neck)
Scrolls
 c - 2 scrolls of poison {unknown}
 i - a scroll of identify {unknown}
 t - 2 scrolls of teleportation
Potions
 b - a potion of magic
 d - 3 potions of heal wounds {unknown}
 e - a potion of resistance {unknown}
 f - a potion of lignification {unknown}
 h - a potion of flight


   Skills:
 - Level 2.4 Dodging
 - Level 1.4 Stealth
 - Level 2.6 Spellcasting
 - Level 5.0 Conjurations
 - Level 1.2 Transmutations
 + Level 6.1 Earth Magic


You had 4 spell levels left.
You knew the following spells:

 Your Spells              Type           Power      Damage    Failure   Level
a - Sandblast             Erth           72%        2d16      1%          1
b - Stone Arrow           Conj/Erth      66%        3d11      2%          3
c - Passwall              Tmut/Erth      19%        N/A       3%          2

Your spell library contained the following spells:

 Spells                   Type           Power      Damage    Failure   Level
 Petrify                  Tmut/Erth      23%        N/A       21%         4
 Dispersal                Tloc           1%         N/A       100%        6
 Disjunction              Tloc           1%         N/A       100%        8
 Chain Lightning          Conj/Air       8%         3d11      100%        9
 Fire Storm               Conj/Fire      8%         8d2       100%        9
 Shatter                  Erth           18%        3d17*     100%        9


Dungeon Overview and Level Annotations

Branches:
Dungeon (5/15) Zot: 3723    Sewer (visited)
 Temple: D:4-7

Altars:
Cheibriados
Okawaru

Shops:
D:1 *


Innate Abilities, Weirdness & Mutations

You passively map a small area around you.
You are easily found by Zot.
You glow in the dark.
You regain HP and MP as you explore.


Message History

The blast of sand hits the frilled lizard!
You kill the frilled lizard!
Cheibriados appreciates the change of pace.
The blast of sand hits the frilled lizard!
You kill the frilled lizard!
Cheibriados thoroughly appreciates the change of pace. 2 rats come into view.
You see here a rat corpse.
The blast of sand misses the rat.
The rat bites you.
The blast of sand hits the rat!
You kill the rat!
Cheibriados appreciates the change of pace.
The blast of sand hits the rat!
You kill the rat!
Cheibriados appreciates the change of pace.
A malarious merfolk avatar comes into view.
The blast of sand hits the malarious merfolk avatar!
The malarious merfolk avatar is almost dead.
An adder comes into view.
You can't see any susceptible monsters within range! (Use Z to cast anyway.)
The malarious merfolk avatar chants a haunting song.
You resist with almost no effort.
Casting: Sandblast (safe; 1% risk of failure)
Confirm with . or Enter, or press ? or * to list all spells.
Aiming: Sandblast (safe; 1% risk of failure)
Press: ? - help, Shift-Dir - straight line, f - adder, p - malarious merfolk avatar
Aim: an adder (wandering, hasn't noticed you, 73% to hit)
The blast of sand hits the adder!
You kill the adder!
Cheibriados thoroughly appreciates the change of pace.
You can now warp the flow of time around you.
Shadowy forms rise from the deep at the malarious merfolk avatar's song!
The malarious merfolk avatar chants a haunting song.
You resist with almost no effort.
The malarious merfolk avatar chants a haunting song.
You are mesmerised by the malarious merfolk avatar!
The blast of sand hits the malarious merfolk avatar.
You are no longer entranced.
You kill the malarious merfolk avatar!
Cheibriados appreciates the change of pace.
Your life force feels restored.
Your Earth Magic skill increases to level 6!
You are starting to lose your buoyancy.
An adder comes into view.
You can't see any susceptible monsters within range! (Use Z to cast anyway.)
You can't see any susceptible monsters within range! (Use Z to cast anyway.)
You can't see any susceptible monsters within range! (Use Z to cast anyway.)
You float gracefully downwards.
The blast of sand hits the adder!!
You kill the adder!
Cheibriados appreciates the change of pace.
You can't see any susceptible monsters within range! (Use Z to cast anyway.)
You open the door.
There is an open door here.
You open the door.
Found five items.
Found a gate leading back out of this place.
There is an open door here.
You see here a +0 sling.
You see here a book of the Warp.
You pick up a book of the Warp and begin reading...
You add the spells Dispersal and Disjunction to your library.
Press: ? - help, v - describe, . - travel, g - get item Item here: an ancient plate armour.
The floor.
You see here the +12 plate armour of Yesterday {rF+ Str+4 Dex+7}.
You see here 17 gold pieces.
You now have 17 gold pieces.
You see here 20 gold pieces.
You now have 37 gold pieces (gained 20).
There is an open door here.
There is an open door here.
You enter the shallow water.
Moving in this stuff is going to be slow.
You see here a rat corpse.
A rat comes into view.
The blast of sand hits the rat!
You kill the rat!
Cheibriados appreciates the change of pace.
You can't see any susceptible monsters within range! (Use Z to cast anyway.)
You see here a rat corpse.
You enter the shallow water.
Moving in this stuff is going to be slow.
You feel very buoyant.
You fly up into the air.
The ferocious winds and tides of the open sea thwart your progress.
Unknown command.
You are starting to lose your buoyancy.
You see here an adder corpse.
You float gracefully downwards.
There is an open door here.
There is an open door here.
There is a gate leading back out of this place here.
Welcome back to the Dungeon!
There is a collapsed entrance here.
Unknown command.
You enter the shallow water.
Moving in this stuff is going to be slow.
There is an open door here.
You see here a ball python skeleton.
Found a stone staircase leading up.
A hobgoblin comes into view.
The hobgoblin shouts!
The blast of sand hits the hobgoblin!!
You kill the hobgoblin!
Cheibriados appreciates the change of pace.
Cheibriados raises the support of your attributes as your movement slows.
You can't see any susceptible monsters within range! (Use Z to cast anyway.)
Things that are here:
a +0 kite shield; a scroll labelled PYHEKK FESIGE
i - a scroll labelled PYHEKK FESIGE Autopickup is now on.
There is a stone staircase leading up here.
You climb upwards.
Found a hand axe.
There is a stone staircase leading down here.
You climb downwards.
There is a stone staircase leading up here.
Found a glowing chain mail and a dark potion.
Found a leather armour.
Found a red potion.
Found 4 stones.
d - 3 red potions (gained 1)
An ogre comes into view. It is wielding a +0 giant club.
The ogre shouts!
The ogre moves out of view.
The ogre hits you with a +0 giant club!
Casting: Sandblast (safe; 1% risk of failure)
Confirm with . or Enter, or press ? or * to list all spells.
Aiming: Stone Arrow (dangerous; 2% risk of failure)
Press: ? - help, Shift-Dir - straight line, f - ogre
Aim: an ogre, wielding a +0 giant club (88% to hit)
The stone arrow misses the ogre.
The ogre hits you with a +0 giant club!
Casting: Stone Arrow (dangerous; 2% risk of failure)
Confirm with . or Enter, or press ? or * to list all spells.
Aiming: Stone Arrow (dangerous; 2% risk of failure)
Press: ? - help, Shift-Dir - straight line, f/p - ogre
Aim: an ogre, wielding a +0 giant club (88% to hit)
The stone arrow hits the ogre.
The ogre is lightly wounded.
Casting: Stone Arrow (dangerous; 2% risk of failure)
Confirm with . or Enter, or press ? or * to list all spells.
Aiming: Stone Arrow (dangerous; 2% risk of failure)
Press: ? - help, Shift-Dir - straight line, f/p - ogre
Aim: an ogre, wielding a +0 giant club (lightly wounded, 88% to hit)
The stone arrow hits the ogre!
The ogre is almost dead.
The ogre hits you with a +0 giant club!!
Ouch! That really hurt!
You die...

* ,.... * ,....
, * * #... ,
##### ## ..# ,,
....., ####....#
* * ####
,......#.#####..
#......O......
*#@### , #...# ,
,, ** ###.# , *
### * * #.# ,, ,
..# * < #.#
#.... . , #.# #
*... * , #.#
###.# **,* * #.#
....# * #.#


You could see an ogre.

Vanquished Creatures
  A necrophage (D:4)
  A howler monkey (D:4)
  A merfolk siren (Sewer)
  A merfolk avatar (Sewer)
  6 adders
  2 river rats (Sewer)
  6 ball pythons
  3 giant cockroaches
  A hobgoblin (D:4)
  A kobold (D:4)
  2 quokkas (Sewer)
  3 frilled lizards
  27 rats
55 creatures vanquished.

Notes
Turn   | Place    | Note
-------+----------+-------------------------------------------
     0 | D:1      | sentinel the Meteoran Earth Elementalist began the quest
                  | for the Orb.
     0 | D:1      | Reached XP level 1. HP: 14/14 MP: 5/5
   101 | D:1      | Reached skill level 4 in Earth Magic
   108 | D:1      | Found Ahatoc's General Store.
   213 | D:1      | Reached XP level 2. HP: 20/20 MP: 4/6
   216 | D:1      | Learned a level 2 spell: Passwall
   260 | D:2      | Reached XP level 3. HP: 12/26 MP: 1/8
   264 | D:2      | Learned a level 3 spell: Stone Arrow
   312 | D:3      | Found a faded altar of an unknown god.
   314 | D:3      | Found an iron altar of Okawaru.
   322 | D:3      | Prayed at the altar of an unknown god.
   322 | D:3      | Became a worshipper of Cheibriados the Contemplative
   322 | D:3      | Reached * piety under Cheibriados
   346 | D:4      | Noticed a howler monkey
   351 | D:4      | Killed a howler monkey
   352 | D:4      | Reached XP level 4. HP: 16/33 MP: 5/9
   385 | D:5      | Entered Level 5 of the Dungeon
   424 | D:4      | Found a glowing drain.
   426 | D:4      | Noticed a necrophage
   432 | D:4      | Killed a necrophage
   433 | D:4      | Reached skill level 5 in Earth Magic
   433 | D:4      | Reached XP level 5. HP: 28/38 MP: 6/10
   461 | Sewer    | Entered a sewer
   503 | Sewer    | Reached ** piety under Cheibriados
   534 | Sewer    | Reached XP level 6. HP: 45/45 MP: 6/11
   609 | Sewer    | Reached skill level 5 in Conjurations
   620 | Sewer    | Reached *** piety under Cheibriados
   623 | Sewer    | Reached skill level 6 in Earth Magic
   644 | Sewer    | Identified the +12 plate armour of Yesterday {rF+ Str+4
                  | Dex+7}
   785 | D:4      | Noticed an ogre
   789 | D:4      | Demolished by an ogre

Illustrated notes

Levels and vault maps discovered:
D:1:      lemuel_arrival_tunnels, layout_basic, serial_shops, shop_fountains,
          basic_ecumenical_altar, minmay_pentomino_o4
D:2:      cheibrodos_old_hovel, layout_basic, uniq_robin
D:3:      layout_basic, nicolae_overflow_ecumenical_swirl,
          nicolae_hepliaklqana_hippocampus
D:4:      layout_rooms, portal_sewer_entry_c, hangedman_abyss_or_decor_slice
D:5:      layout_basic, lemuel_crystal_altar, lemuel_crystal_altar,
          minmay_temple_entry_statues_pillars

Skill      XL: |  1  2  3  4  5  6 |
---------------+-------------------+-----
Earth Magic    | 4 5 6 |  6.1
Conjurations   | 2 4 5 |  5.0
Dodging        | |  2.4
Stealth        | |  1.4
Spellcasting   | |  2.6
Transmutations | |  1.2

Action                   |  1- 3 |  4- 6 || total
-------------------------+-------+-------++-------
 Cast: Sandblast         |    20 |    58 ||    78
       Passwall          |     1 |     1 ||     2
       Stone Arrow       |       |     3 ||     3
  Use: Potion            |       |     3 ||     3
Armor: Robe              |     1 |     1 ||     2
Dodge: Dodged            |     5 |     6 ||    11
